 Dungeon Crawl Stone Soup version 0.25.1-9-gc5326a611f (webtiles) character file.

Game seed: 14823449439881619427

385 Revguard the Ruffian (level 6, -2/50 HPs)
             Began as a Ghoul Gladiator on Feb 6, 2021.
             Was a Follower of Wu Jian.
             Slain by an orc wizard
             ... wielding a +0 dagger
              (3 damage)
             ... on level 4 of the Dungeon.
             The game lasted 00:12:53 (2819 turns).

Revguard the Ruffian (Ghoul Gladiator)              Turns: 2819, Time: 00:12:54

Health: -2/50      AC:  8    Str: 16 (18) XL:     6   Next: 77%
Magic:  5/5        EV: 13    Int:  2 (3)  God:    Wu Jian [*.....]
Gold:   133        SH:  0    Dex:  9 (12) Spells: 5/5 levels left

rFire    + . .     SeeInvis .     - Unarmed
rCold    + + .     Gourm    .   (no shield)
rNeg     + + +     Faith    .   k - +3 leather armour {rC+}
rPois    ∞         Spirit   .   b - +0 helmet
rElec    .         Reflect  +   l - +0 cloak
rCorr    .         Harm     .   (no gloves)
MR       .....                  (no boots)
Stlth    +.........             i - amulet of reflection
HPRegen  0.00/turn              v - ring of protection from fire
MPRegen  0.09/turn              (no ring)

@: confused, rotting
A: rotting body, claws 1, carnivore, cold resistance 1, negative energy
resistance 3, inhibited regeneration, torment resistance, unbreathing
a: Renounce Religion


You were on level 4 of the Dungeon.
You worshipped Wu Jian.
Wu Jian was aware of your devotion.
You were not hungry.

You visited 1 branch of the dungeon, and saw 5 of its levels.

You collected 133 gold pieces.

Inventory:

Missiles
 c - 3 throwing nets (quivered)
Armour
 b - a +0 helmet (worn)
 k - a +3 leather armour of cold resistance (worn)
 l - a +0 cloak (worn)
 w - a +0 ring mail
Jewellery
 i - an amulet of reflection (around neck)
 v - a ring of protection from fire (left claw)
Scrolls
 f - a scroll of enchant armour
 h - a scroll of immolation {unknown}
 j - 2 scrolls of remove curse {unknown}
 m - a scroll of magic mapping {unknown}
 n - a scroll of teleportation {unknown}
 o - a scroll of fear {unknown}
 u - 4 scrolls of identify {unknown}
Potions
 p - a potion of cancellation
Comestibles
 d - 5 rations


   Skills:
 + Level 2.8 Fighting
 + Level 1.8 Throwing
 + Level 2.0 Armour
 + Level 4.1 Dodging
 + Level 1.2 Stealth
 + Level 6.0 Unarmed Combat


You had 5 spell levels left.
You didn't know any spells.
Your spell library contained the following spells:

 Spells                   Type           Power        Failure   Level  Hunger
 Sting                    Tmut/Pois      #...         63%         1    ##.....
 Poisonous Vapours        Pois/Air       #.....       77%         2    ###....
 Ignite Poison            Fire/Tmut/Pois #.......     94%         3    ####...
 Mephitic Cloud           Conj/Pois/Air  #.......     94%         3    ####...
 Olgreb's Toxic Radiance  Pois           #.......     100%        4    #####..


Dungeon Overview and Level Annotations

Branches:
Dungeon (5/15)
 Temple: D:4-7

Altars:
Hepliaklqana
Vehumet
Wu Jian
Xom
The Shining One


Innate Abilities, Weirdness & Mutations

Your body is rotting away.
You thrive on raw meat.
You are immune to poison.
You have sharp fingernails.
You are carnivorous and can eat meat at any time.
Your flesh is cold resistant. (rC+)
You are immune to negative energy. (rN+++)
You do not regenerate when monsters are visible.
You are immune to unholy pain and torment.
You can survive without breathing.


Message History

You miss something. You block something's attack.
You claw something! Something hits you.
* * * LOW HITPOINT WARNING * * *
You barely miss something. Your claw misses something. Something hits you.
* * * LOW HITPOINT WARNING * * *
As you read the scroll labeled WOAREZ WIOMP, it crumbles to dust.
It is a scroll of enchant armour.
Your +2 leather armour of cold resistance glows green for a moment.
Something hits you but does no damage.
As you read the scroll labeled FEOL UNITSUMUE, it crumbles to dust.
It is a scroll of amnesia.
You feel forgetful for a moment.
You hear some strange, mumbled words.
You are confused.
You're too confused!
You see here 13 gold pieces.
You bump into the rock wall.
An adder comes into view.
Something hits you.
You die...

#..........
#####.....S..
........<.# ##
#...(.# . #.....# #
#.....# ## #.....#
#. ####.#.### #.
##Zo.o.@# ## ..
##..##.### ###. #.##
##..###.# #... #...#
##..## #.# ##.##
###..##.>## #.#
#..## ........##
###.# #..##
.......)####...###
#....
........##.......###
#.###
........†#.........#
######


You could see an adder (wandering), 2 orcs and a bullfrog skeleton.

Vanquished Creatures
  5 orc priests
  Crazy Yiuf (D:2)
  An orc wizard (D:4)
  A worker ant (D:4)
  7 adders
  An ooze (D:1)
  4 worms
  A dart slug (D:1)
  A leopard gecko (D:2)
  9 orcs (D:3)
  2 ball pythons
  7 bats
  3 giant cockroaches
  5 goblins
  4 hobgoblins
  7 jackals (D:2)
  10 kobolds
  3 frilled lizards
  11 rats
83 creatures vanquished.

Notes
Turn   | Place    | Note
-------+----------+-------------------------------------------
     0 | D:1      | Revguard the Ghoul Gladiator began the quest for the Orb.
     0 | D:1      | Reached XP level 1. HP: 17/17 MP: 0/0
   268 | D:1      | Reached XP level 2. HP: 24/24 MP: 1/1
   831 | D:2      | Reached skill level 4 in Unarmed Combat
   838 | D:2      | Reached XP level 3. HP: 17/30 MP: 2/2
  1020 | D:2      | Found a runed translucent door.
  1021 | D:2      | Noticed Crazy Yiuf
  1028 | D:2      | Killed Crazy Yiuf
  1028 | D:2      | Reached skill level 1 in Stealth
  1028 | D:2      | Reached XP level 4. HP: 37/37 MP: 3/3
  1100 | D:2      | Found an ornate altar of the Wu Jian Council.
  1113 | D:2      | Became a worshipper of the Wu Jian Council
  1407 | D:2      | Found a radiant altar of Vehumet.
  1656 | D:2      | Found a glowing golden altar of the Shining One.
  1702 | D:3      | Reached XP level 5. HP: 41/42 MP: 4/4
  1761 | D:3      | Reached skill level 1 in Armour
  1773 | D:3      | Reached * piety under Wu Jian
  1940 | D:3      | Reached skill level 5 in Unarmed Combat
  1940 | D:3      | Reached XP level 6. HP: 34/50 MP: 5/5
  2032 | D:3      | Found a shimmering altar of Xom.
  2033 | D:3      | Found a hazy altar of Hepliaklqana.
  2034 | D:3      | Noticed a spectral ugly thing
  2508 | D:5      | Entered Level 5 of the Dungeon
  2808 | D:4      | Reached skill level 6 in Unarmed Combat
  2813 | D:4      | HP: 1/50 [something (3)]
  2819 | D:4      | Slain by an orc wizard

Illustrated notes

Levels and vault maps discovered:
D:1:      tarquinn_simple_flora_water_b, layout_basic
D:2:      layout_loops_ring, old_standard_altar, nicolae_overflow_hidden_temple,
          vehumet_crystals, first_ration, uniq_crazy_yiuf_cottage
D:3:      layout_rooms, regret_index_temple_of_mockery
D:4:      old_forge, layout_rooms, grunt_gozag_statues
D:5:      layout_cave_pods, serial_shops, shop, kennysheep_boxes, uniq_menkaure

Skill      XL: |  1  2  3  4  5  6 |
---------------+-------------------+-----
Unarmed Combat | 4 5 6 |  6.0
Dodging        | 3 4 |  4.1
Stealth        | 1 |  1.2
Armour         | 1 2 |  2.0
Fighting       | |  2.8
Throwing       | |  1.8

Action                   |  1- 3 |  4- 6 || total
-------------------------+-------+-------++-------
Melee: Unarmed           |    98 |   214 ||   312
       Punch             |       |     2 ||     2
Invok: Lunge             |       |    20 ||    20
       Whirlwind         |       |    49 ||    49
  Use: Potion            |       |    10 ||    10
       Scroll            |       |     4 ||     4
  Eat: Chunk             |    13 |    19 ||    32
Armor: Leather armour    |    56 |    36 ||    92
       Ring mail         |       |    30 ||    30
Dodge: Dodged            |    90 |   116 ||   206
Block: Other             |    38 |    41 ||    79
       Reflection        |       |     1 ||     1
